 Dungeon Crawl Stone Soup version 0.21-a0-142-gdd972a7 (console) character file.

93 Lasty the Insei (level 4, 0/51 HPs)
             Began as a Gnoll Wanderer on July 21, 2017.
             Succumbed to an adder's poison
             ... on level 3 of the Dungeon.
             The game lasted 00:05:38 (3196 turns).

Lasty the Insei (Gnoll Wanderer)                    Turns: 3196, Time: 00:05:39

Health: 0/51       AC:  2    Str:  7    XL:     4   Next: 62%
Magic:  8/8        EV: 11    Int:  7    God:
Gold:   74         SH:  0    Dex:  7    Spells: 8/9 levels left

rFire    . . .     SeeInvis .     - Unarmed
rCold    . . .     Gourm    .   (no shield)
rNeg     . . .     Faith    .   d - +0 robe
rPois    .         Spirit   .   (no helmet)
rElec    .         Reflect  .   (no cloak)
rCorr    .         Harm     .   (no gloves)
MR       .....                  (no boots)
Stlth    ..........             (no amulet)
HPRegen  0.17/turn              (no ring)
MPRegen  0.11/turn              (no ring)

@: mighty, berserking, lethally poisoned (0 -> -8), hasted, very quick
A: unchanging attributes, fangs 1, strong nose
a: no special abilities


You were on level 3 of the Dungeon.
You were not hungry.

You visited 1 branch of the dungeon, and saw 3 of its levels.

You collected 74 gold pieces.


Innate Abilities, Weirdness & Mutations

Your physical attributes are unchanging.
You have very sharp teeth.
Your uncanny sense of smell can sniff out nearby items.


   Skills:
 + Level 2.8 Fighting
   Level 1.3 Bows
 - Level 1.3 Throwing
 - Level 5.3 Unarmed Combat
 - Level 3.0 Spellcasting
   Level 4.0 Hexes
   Level 1.3 Evocations


You had 8 spell levels left.
You knew the following spells:

 Your Spells              Type           Power        Failure   Level  Hunger
a - Magic Dart            Conj           #...         34%         1    ##.....

Inventory:

Hand Weapons
 e - a +0 club
 h - a +0 spear
 s - a +0 dagger of holy wrath
   (You took it off an orc on level 2 of the Dungeon)
Missiles
 l - 27 stones (quivered)
Armour
 d - a +0 robe (worn)
Scrolls
 c - 2 scrolls of teleportation {!r}
 g - a scroll of fog {unknown}
 i - a scroll of noise {unknown}
 k - a scroll of enchant armour {unknown}
 n - 4 scrolls of identify {unknown}
 q - a scroll of fear {unknown}
Potions
 j - a potion of haste {!q}
 p - a potion of curing {unknown}
Books
 a - a book of Minor Magic

   Spells                             Type                      Level
   a - Magic Dart                     Conjuration                  1
   b - Blink                          Translocation                2
   c - Call Imp                       Summoning                    2
   d - Slow                           Hexes                        2
   e - Conjure Flame                  Conjuration/Fire             3
   f - Mephitic Cloud                 Conjuration/Poison/Air       3
 b - the Grimoire of Necromancy

   Spells                             Type                      Level
   a - Corpse Rot                     Necromancy                   2
   b - Sublimation of Blood           Necromancy                   2
Comestibles
 f - 2 bread rations


Message History

The adder is severely wounded.
* * * LOW HITPOINT WARNING * * *
You feel sick. The adder barely misses you.
You take 2 damage.
You miss the adder.
The adder is severely wounded.
* * * LOW HITPOINT WARNING * * *
You feel sick. The adder barely misses you.
You take 1 damage.
You closely miss the adder.
The adder is severely wounded.
* * * LOW HITPOINT WARNING * * *
You feel sick. The adder bites you.
* * * LOW HITPOINT WARNING * * *
You take 5 damage.
It was a potion of haste.
You feel yourself speed up.
* * * LOW HITPOINT WARNING * * *
You feel sick. The adder barely misses you.
You take 2 damage.
It was a potion of might.
You feel very mighty all of a sudden. The adder bites you but does no damage.
It was a potion of berserk rage.
A red film seems to cover your vision as you go berserk!
You feel yourself moving faster!
You feel mighty!
* * * LOW HITPOINT WARNING * * *
You feel sick. The adder closely misses you.
You are too berserk!
Enter note: yay You closely miss the adder.
You bite the adder.
You kill the adder!
* * * LOW HITPOINT WARNING * * *
You feel sick.
You take 1 damage.
* * * LOW HITPOINT WARNING * * *
You feel sick. The ooze hits you but does no damage.
Things that are here:
a dagger; an adder corpse You take 1 damage.
You hit the ooze.
The ooze is heavily wounded.
The ooze closely misses you.
You hit the ooze.
The ooze is almost dead.
* * * LOW HITPOINT WARNING * * *
You feel sick.
You take 1 damage.
You hit the ooze.
You kill the ooze!
You die...

... ... .# #.# #.# #J# #.#
#.# #.# #.#.##########.#
#.#..........#.#
#.##########.#.######.
#.........)@<.........
###################.########
<........................(.#
###################.#.#.##.#
#.#.# #.#.# #.#.#
###########.#.#
#...........#.#


There were no monsters in sight!

Vanquished Creatures
  2 adders
  2 oozes
  2 worms
  2 dart slugs
  3 leopard geckos
  2 orcs
  A ball python (D:1)
  2 giant cockroaches (D:2)
  8 goblins
  2 hobgoblins (D:1)
  6 jackals
  A quokka (D:2)
  7 bats
  4 frilled lizards
  3 kobolds
  4 rats
51 creatures vanquished.

Notes
Turn   | Place    | Note
-------+----------+-------------------------------------------
     0 | D:1      | Lasty the Gnoll Wanderer began the quest for the Orb.
     0 | D:1      | Lasty set off with: a book of Minor Magic, the Grimoire of Necromancy, a scroll of teleportation {!r}, a +0 robe, a +0 club, a bread ration
     0 | D:1      | Reached XP level 1. HP: 17/17 MP: 4/4
     0 | D:1      | Identified the Grimoire of Necromancy
    64 | D:1      | Learned a level 1 spell: Magic Dart
   157 | D:1      | Reached skill level 1 in Unarmed Combat
   234 | D:1      | Reached skill level 2 in Unarmed Combat
   234 | D:1      | Reached XP level 2. HP: 15/23 MP: 1/6
   462 | D:1      | Reached skill level 3 in Unarmed Combat
   999 | D:1      | Reached XP level 3. HP: 27/28 MP: 7/7
  1582 | D:2      | Reached skill level 4 in Unarmed Combat
  2261 | D:2      | HP: 8/28 [jackal (1)]
  2595 | D:1      | Reached XP level 4. HP: 34/34 MP: 8/8
  2742 | D:2      | Reached skill level 5 in Unarmed Combat
  3186 | D:3      | HP: 10/34 [poisoned by an adder]
  3188 | D:3      | HP: 3/34 [poisoned by an adder]
  3191 | D:3      | --yay
  3192 | D:3      | HP: 1/51 [poisoned by an adder]
  3196 | D:3      | Succumbed to an adder's poison

Vault maps used:
D:1:      mrwooster_arrival_arrow
D:2:      first_bread
D:3:      uniq_natasha

Action                   |  1- 3 |  4- 6 || total
-------------------------+-------+-------++-------
Melee: Spear             |    43 |       ||    43
       Unarmed           |   149 |    62 ||   211
       Bite              |     7 |     4 ||    11
       Punch             |     1 |     3 ||     4
Throw: Stone             |     9 |    16 ||    25
 Cast: Magic Dart        |    32 |       ||    32
  Use: Potion            |       |     3 ||     3
  Eat: Chunk             |     7 |     2 ||     9
Armor: Robe              |    39 |    11 ||    50
Dodge: Dodged            |   115 |    27 ||   142

Skill      XL: |  1  2  3  4 |
---------------+-------------+-----
Unarmed Combat | 2 3 4 5 |  5.3
Fighting       | |  2.8
Bows           | |  1.3
Throwing       | |  1.3
Spellcasting   | |  3.0
Hexes          | |  4.0
Evocations     | |  1.3
